[Event "Titled Tuesday Blitz June 8 2021"]
[White "Concio, Michael Jr."]
[Black "Samadov, Read"]
[WhiteFideId "5217873"]
[BlackFideId "13417444"]
[WhiteElo "2626"]
[BlackElo "2788"]
[Result "1/2-1/2"]
[Round "07"]
[TimeControl "180+1"]
[Date "2021.06.08"]
[WhiteClock "0:00:02"]
[BlackClock "0:00:05"]

1. e4 e6 2. d3 c5 3. c4 Nc6 4. Nc3 g6 5. g3 Bg7 6. Bg2 Nge7 7. Nge2 O-O 8. O-O d6 9. a3 Rb8 10. Rb1 a6 11. b4 cxb4 12. axb4 b5 13. cxb5 axb5 14. Be3 e5 15. d4 exd4 16. Nxd4 Nxd4 17. Bxd4 Nc6 18. Bxg7 Kxg7 19. Qd5 Ne5 20. Rfd1 Qf6 21. Qxd6 Be6 22. f4 Nc4 23. Qd4 Rfd8 24. Qxf6+ Kxf6 25. Rxd8 Rxd8 26. e5+ Ke7 27. Nxb5 Rd2 28. Nc3 Ne3 29. Be4 Nc4 30. b5 Nb6 31. Ra1 Bc4 32. Ra7+ Kf8 33. Rb7 Nd7 34. Rc7 Be6 35. Bd5 Bh3 36. Bc6 Nb6 37. Ne4 Rg2+ 38. Kf1 Rxh2+ 39. Ke1 Nc4 40. Bd5 Ne3 41. Rxf7+ Ke8 42. Nd6+ Kd8 43. Bc6 Bg4 44. Nb7+ Kc8 45. Nd6+ Kd8 46. Nb7+ Kc8 47. Bd7+ Bxd7 48. Nd6+ Kd8 49. f5 gxf5 50. b6 Bc6 51. e6 Rh1+ 52. Ke2 Nd5 53. Rxh7 Rb1 54. Rh8+ Ke7 55. Nxf5+ Kxe6 56. Nd4+ Kd6 57. Rh6+ Kc5 58. Nxc6 Rb2+ 59. Kd3 Rxb6 60. Ke4 Nc3+ 61. Ke5 Kc4 62. Rh4+ Kc5 63. Ne7 Rb1 64. Nf5 Re1+ 65. Kf6 Nd5+ 66. Kg6 Rg1 67. g4 Nf4+ 68. Kg5 Ne6+ 69. Kf6 Kd5 70. Rh5 Nf4 71. Rg5 Nh3 72. Rg8 Ke4 73. Nd6+ Kf4 74. Nf7 Rxg4 75. Ra8 Rg3 76. Ra4+ Kf3 77. Ne5+ Kg2 78. Ra2+ Kg1 79. Ra1+ Kg2 80. Kf5 Re3 81. Ra2+ Kg3 82. Ng6 Nf2 83. Kg5 Rf3 84. Ra4 Nh3+ 85. Kh5 Nf4+ 86. Nxf4 Rxf4 87. Rxf4 Kxf4 1/2-1/2


[Site "https://www.chess.com"]

[Event "Titled Tuesday Blitz June 8 2021"]
[White "Costachi, Mihnea"]
[Black "Garcia Ramos, Daniel"]
[WhiteFideId "1217518"]
[BlackFideId "32010311"]
[WhiteElo "2479"]
[BlackElo "2321"]
[Result "0-1"]
[Round "07"]
[TimeControl "180+1"]
[Date "2021.06.08"]
[WhiteClock "0:00:40"]
[BlackClock "0:01:32"]

1. d4 d5 2. c4 c6 3. Nf3 Nf6 4. Nc3 e6 5. Bg5 h6 6. Bxf6 Qxf6 7. e3 Nd7 8. Rc1 g6 9. Bd3 Bg7 10. O-O O-O 11. e4 dxc4 12. Bxc4 e5 13. d5 Nb6 14. Be2 cxd5 15. exd5 Bf5 16. Qb3 Rfd8 17. Rfd1 e4 18. Nd4 Qe5 19. Nxf5 Qxf5 20. d6 Be5 21. Nb5 Rac8 22. Nxa7 Rxc1 23. Rxc1 Qf4 24. g3 Qxc1+ 25. Kg2 Rxd6 26. Qb5 Bd4 27. Qe8+ Kg7 28. Qxe4 Qe1 29. Qf4 Qxe2 30. Qxd6 Qxf2+ 31. Kh3 Qf1+ 32. Kh4 Bf6+ 33. Kg4 h5# 0-1


[Site "https://www.chess.com"]

[Event "Titled Tuesday Blitz June 8 2021"]
[White "Csonka, Balazs"]
[Black "Guo, Arthur"]
[WhiteFideId "742910"]
[BlackFideId "30903114"]
[WhiteElo "2635"]
[BlackElo "2814"]
[Result "1-0"]
[Round "07"]
[TimeControl "180+1"]
[Date "2021.06.08"]
[WhiteClock "0:00:07"]
[BlackClock "0:00:16"]

1. e4 c5 2. Nf3 d6 3. Bb5+ Nd7 4. O-O Nf6 5. Re1 a6 6. Bf1 b6 7. d4 cxd4 8. Nxd4 Bb7 9. c4 e6 10. Nc3 Rc8 11. b3 b5 12. Bb2 b4 13. Nd5 Nc5 14. Nxf6+ gxf6 15. Qh5 Be7 16. g3 Qd7 17. Bh3 Bf8 18. Rad1 Bg7 19. f3 O-O 20. Nf5 exf5 21. Bxf5 Qxf5 22. Qxf5 Rce8 23. Rxd6 Ne6 24. Bxf6 Bc8 25. Bxg7 Kxg7 26. Red1 Re7 27. Qa5 Rb7 28. Qe5+ Kg8 29. h4 Re7 30. Qa5 Rb7 31. h5 h6 32. f4 Re7 33. Qxb4 Ng7 34. Rd8 Ree8 35. Rxe8 Rxe8 36. e5 Bg4 37. Rd6 Ne6 38. Rxa6 Bxh5 39. Rxe6 Rxe6 40. a4 Bg4 41. a5 Bf3 42. Kf2 Be4 43. Ke3 Bc6 44. a6 Kg7 45. a7 Re8 46. Qb6 Ba8 47. Qf6+ Kg8 48. Qxh6 Rc8 49. Qg5+ Kf8 50. Qh6+ Kg8 51. Qd6 Re8 52. f5 Kg7 53. Kf4 Rh8 54. Qf6+ Kg8 55. Qxh8+ Kxh8 56. e6 fxe6 57. fxe6 Kg7 58. Ke5 Kf8 59. Kd6 Ke8 60. g4 Be4 61. g5 Kf8 62. b4 Kg7 63. b5 Kg6 64. e7 Kf7 65. c5 Bd3 66. b6 Bb5 67. a8=Q Be8 68. Qxe8+ Kxe8 69. b7 Kf7 70. b8=Q Kg6 71. Qg8+ Kf5 72. e8=Q Kg4 73. c6 Kf4 74. c7 Kg4 75. c8=Q+ Kf4 76. Qce6 Kg3 77. g6 Kf4 78. Qgf7+ Kg3 79. g7 Kh4 80. Qh8+ Kg5 81. g8=Q# 1-0


[Site "https://www.chess.com"]

[Event "Titled Tuesday Blitz June 8 2021"]
[White "Cunjalo, Faris"]
[Black "Jarovinsky, Alexey"]
[WhiteFideId "14410710"]
[BlackFideId "14115131"]
[WhiteElo "2234"]
[BlackElo "2446"]
[Result "1-0"]
[Round "07"]
[TimeControl "180+1"]
[Date "2021.06.08"]
[WhiteClock "0:00:52"]
[BlackClock "0:00:02"]

1. c4 Nc6 2. g3 e5 3. Bg2 Bc5 4. Nc3 Nge7 5. e3 d6 6. Nge2 a6 7. d4 Ba7 8. O-O Bg4 9. h3 Bh5 10. g4 Bg6 11. f4 exd4 12. exd4 f5 13. Be3 h5 14. g5 h4 15. Qd2 Bh5 16. d5 Bxe3+ 17. Qxe3 Bxe2 18. Nxe2 Nb8 19. Nd4 O-O 20. Ne6 Qc8 21. Nxf8 Qxf8 22. Qe6+ Qf7 23. Rae1 Kf8 24. Bf3 a5 25. Qxf7+ Kxf7 26. Re6 Nd7 27. Rfe1 Ng6 28. Bh5 Nf8 29. Kf2 a4 30. Kf3 Rb8 31. Re7+ Kg8 32. Rxc7 b5 33. c5 dxc5 34. Rxc5 b4 35. d6 Rd8 36. Rxf5 Kh7 37. Rd5 Nd7 38. Bxg6+ Kxg6 39. Kg4 Kf7 40. Re7+ Kf8 41. Rf5+ Kg8 42. Rff7 Nf8 43. Rxg7+ Kh8 44. d7 b3 45. axb3 a3 46. bxa3 Rb8 47. Re8 Rc8 1-0


[Site "https://www.chess.com"]

[Event "Titled Tuesday Blitz June 8 2021"]
[White "Daianu, Cristian-Clement"]
[Black "Papasimakopoulos, Alexandros"]
[WhiteFideId "1208926"]
[BlackFideId "4244125"]
[WhiteElo "2132"]
[BlackElo "2352"]
[Result "0-1"]
[Round "07"]
[TimeControl "180+1"]
[Date "2021.06.08"]
[WhiteClock "0:00:35"]
[BlackClock "0:01:45"]

1. e4 e6 2. d4 d5 3. Nd2 Nf6 4. e5 Nfd7 5. Bd3 c5 6. c3 Nc6 7. Ngf3 a5 8. O-O Be7 9. Re1 cxd4 10. cxd4 g5 11. Nf1 g4 12. N3d2 h5 13. f3 Qb6 14. fxg4 Qxd4+ 15. Kh1 Qxd3 16. gxh5 Ndxe5 17. Re3 Qf5 18. Ng3 Qg4 19. Nf3 Nxf3 20. Rxf3 Ne5 21. Rf1 Qxd1 22. Rxd1 Bd7 23. Bf4 Nc6 24. Rac1 O-O-O 25. a3 Rdg8 26. b4 axb4 27. axb4 Rg4 28. Be5 f6 29. Bd4 Kb8 30. Bf2 Rf4 31. Be3 Rxb4 32. Ra1 Bd6 33. Kg1 Bxg3 34. hxg3 Rxh5 35. Bc5 Kc7 36. Bxb4 Nxb4 37. Rf1 Rh6 38. Rab1 Nc6 39. Rb2 Rg6 40. Rfb1 Bc8 41. Kf2 e5 42. Rc1 Kd6 43. Rb6 d4 44. Kf3 f5 45. Ra1 Kc7 46. Rb5 Be6 47. Rc1 e4+ 48. Kf2 Kd6 49. Rxb7 e3+ 50. Kf3 Bd5+ 51. Kf4 Rg4+ 52. Kxf5 Rxg3 53. Rb2 Be6+ 54. Kf4 Rg4+ 55. Kf3 Ne5+ 56. Ke2 Rxg2+ 0-1


[Site "https://www.chess.com"]

[Event "Titled Tuesday Blitz June 8 2021"]
[White "Dang, Hoang Son"]
[Black "Jones, Gawain C B"]
[WhiteFideId "12402435"]
[BlackFideId "409561"]
[WhiteElo "2248"]
[BlackElo "2657"]
[Result "0-1"]
[Round "07"]
[TimeControl "180+1"]
[Date "2021.06.08"]
[WhiteClock "0:00:56"]
[BlackClock "0:01:02"]

1. d4 Nf6 2. c4 g6 3. Nf3 Bg7 4. g3 O-O 5. Bg2 c5 6. O-O d6 7. d5 b5 8. cxb5 a6 9. bxa6 Nxa6 10. Nc3 Bf5 11. Nd2 Nb4 12. e4 Bg4 13. f3 Bc8 14. a3 Nd3 15. Nc4 Nxc1 16. Rxc1 Ba6 17. Nb1 Nd7 18. Nbd2 Ne5 19. Qc2 Nxc4 20. Nxc4 Bxc4 21. Qxc4 Bxb2 22. Rc2 Bd4+ 23. Kh1 Rxa3 24. f4 Qa5 25. e5 Rb8 26. Qe2 Re3 27. Qg4 dxe5 28. f5 Re1 29. Rc1 Rxc1 30. Rxc1 Rb2 31. fxg6 hxg6 32. Rf1 Qd2 33. Qf3 f5 34. g4 e4 35. Qh3 e3 36. Ra1 Qxg2+ 37. Qxg2 Rxg2 38. Ra8+ Kf7 39. Kxg2 e2 0-1


[Site "https://www.chess.com"]

[Event "Titled Tuesday Blitz June 8 2021"]
[White "Demchenko, Anton"]
[Black "Chasin, Nico"]
[WhiteFideId "4160258"]
[BlackFideId "30908477"]
[WhiteElo "2593"]
[BlackElo "2135"]
[Result "1/2-1/2"]
[Round "07"]
[TimeControl "180+1"]
[Date "2021.06.08"]
[WhiteClock "0:00:12"]
[BlackClock "0:00:12"]

1. Nf3 Nf6 2. g3 d5 3. Bg2 Bg4 4. O-O Nbd7 5. d3 e5 6. h3 Bh5 7. c4 c6 8. cxd5 cxd5 9. Nc3 d4 10. Nb1 Bd6 11. Nbd2 O-O 12. Nh4 Rb8 13. Nc4 Bc7 14. a4 Nc5 15. Bd2 Nxd3 16. g4 Nxg4 17. hxg4 Bxg4 18. Nf3 e4 19. Ng5 e3 20. Nxe3 dxe3 21. Bxe3 Nf4 22. Bxf4 Bxf4 23. Qxd8 Rfxd8 24. Nf3 Rbc8 25. e3 Bd6 26. Nd4 Rd7 27. Rfc1 Rxc1+ 28. Rxc1 h5 29. Nb5 Be5 30. Nxa7 Bxb2 31. Rb1 Rd1+ 32. Rxd1 Bxd1 33. a5 Bc3 34. Bxb7 Bxa5 35. Bd5 Bc7 36. Nc6 Ba4 37. Kg2 Kf8 38. f4 Bd1 39. Kg3 g6 40. Kg2 Kg7 41. Bf3 Bb3 42. Nb4 Be6 43. Nd5 Bd8 44. Nc3 Bc4 45. Bd5 Bd3 46. Be4 Ba6 47. Kf3 Bb6 48. Nd5 Bc5 49. Nc7 Bc4 50. Nd5 f5 51. Nc3 fxe4+ 52. Kxe4 Be7 53. Kf3 Be6 54. e4 Bg4+ 55. Kg3 Bd7 56. Nd5 h4+ 57. Kf3 Bd8 58. Ne3 Kh6 59. Nc4 Bf6 60. Nd6 Be6 61. f5 Be7 62. Nb5 gxf5 63. exf5 Bxf5 64. Nd4 Kg5 65. Nxf5 Kxf5 66. Kg2 Bg5 67. Kh1 Bf6 68. Kh2 Bg5 69. Kg2 Bf6 70. Kh3 Bg5 71. Kh2 Bf6 72. Kh1 Bg5 73. Kh2 Bf6 74. Kh1 Bg5 75. Kh2 1/2-1/2


[Site "https://www.chess.com"]

[Event "Titled Tuesday Blitz June 8 2021"]
[White "Derakhshani, Borna"]
[Black "Sadykov, Ramil"]
[WhiteFideId "12518450"]
[BlackFideId "24113590"]
[WhiteElo "2035"]
[BlackElo "2300"]
[Result "0-1"]
[Round "07"]
[TimeControl "180+1"]
[Date "2021.06.08"]
[WhiteClock "0:00:19"]
[BlackClock "0:00:04"]

1. d4 d5 2. Bf4 c5 3. e3 cxd4 4. exd4 Nf6 5. Nf3 Bg4 6. c3 Nc6 7. Nbd2 e6 8. Qa4 Bxf3 9. Nxf3 a6 10. Ne5 Qb6 11. Nxc6 Qxc6 12. Qxc6+ bxc6 13. Bd3 Kd7 14. Kd2 Bd6 15. Bxd6 Kxd6 16. b4 a5 17. a3 Rhb8 18. Rhb1 g6 19. a4 Nd7 20. b5 c5 21. f4 h5 22. g3 Nb6 23. Rf1 Rc8 24. h3 Rc7 25. g4 hxg4 26. hxg4 Rh8 27. Rf2 Rh4 28. Rg2 Rh3 29. f5 gxf5 30. gxf5 cxd4 31. cxd4 Nc4+ 32. Bxc4 Rxc4 33. Rg4 Rb4 34. fxe6 fxe6 35. Rf4 Rb2+ 36. Kc1 Re2 37. Rf1 Rc3+ 38. Kd1 Rb2 39. Rc1 Rd3+ 40. Ke1 Re3+ 41. Kd1 Rd3+ 42. Ke1 Rxd4 43. Rf2 Re4+ 44. Kf1 Rxf2+ 45. Kxf2 Rxa4 46. Rc6+ Ke5 47. Ra6 Ra3 48. Ke2 a4 49. Kd2 Rb3 50. Kc2 Rxb5 51. Rxa4 Rc5+ 52. Kd3 Rb5 53. Rh4 Rb3+ 54. Kc2 Rg3 55. Rh5+ Kd4 56. Rh4+ Kc5 57. Rh5 Re3 58. Kd2 Kd4 59. Rh4+ Re4 60. Rh8 Rg4 61. Ra8 Rg2+ 62. Ke1 e5 63. Ra4+ Ke3 64. Ra3+ Ke4 65. Kf1 Rb2 66. Ra4+ d4 67. Ra3 d3 68. Ra8 Ke3 69. Rd8 e4 70. Rh8 Rb1+ 71. Kg2 Kd2 72. Rh3 e3 73. Rh1 Rxh1 0-1


[Site "https://www.chess.com"]

[Event "Titled Tuesday Blitz June 8 2021"]
[White "Djordjevic, Vuk"]
[Black "Prydun, Andriy"]
[WhiteFideId "902098"]
[BlackFideId "14145898"]
[WhiteElo "2463"]
[BlackElo "2028"]
[Result "1-0"]
[Round "07"]
[TimeControl "180+1"]
[Date "2021.06.08"]
[WhiteClock "0:00:57"]
[BlackClock "0:00:09"]

1. d4 d5 2. Bf4 e6 3. e3 Nf6 4. Nd2 Bd6 5. Bg3 Qe7 6. Bd3 Nfd7 7. Ngf3 c5 8. c3 Nc6 9. e4 e5 10. O-O exd4 11. exd5 Nce5 12. Nxe5 Nxe5 13. Bxe5 Bxe5 14. f4 Bxf4 15. Rxf4 Qe3+ 16. Rf2 Qxd3 17. Qe1+ Kf8 18. Qe5 Qe3 19. Qh5 g6 20. Qh4 Qe7 21. Qh6+ Ke8 22. d6 Qe3 23. Qg7 Rf8 24. Nf3 Be6 25. Re1 Qf4 26. Nxd4 Qxd6 27. Nxe6 Qe7 28. Nc7+ 1-0


[Site "https://www.chess.com"]

[Event "Titled Tuesday Blitz June 8 2021"]
[White "Dowgird, Filip"]
[Black "Tsyhanchuk_Stanislav"]
[WhiteFideId "1121235"]
[WhiteElo "2209"]
[BlackElo "2502"]
[Result "0-1"]
[Round "07"]
[TimeControl "180+1"]
[Date "2021.06.08"]
[WhiteClock "0:00:01"]
[BlackClock "0:00:07"]

1. d4 Nf6 2. Bg5 Ne4 3. Bf4 d5 4. f3 Nd6 5. Nc3 c6 6. e4 g6 7. Qd2 Nc4 8. Bxc4 dxc4 9. Nge2 b5 10. a3 a5 11. d5 Bb7 12. Rd1 Bg7 13. d6 e5 14. Bg5 f6 15. Be3 Nd7 16. O-O O-O 17. f4 exf4 18. Nxf4 Re8 19. Qe2 Ne5 20. Bc5 Qd7 21. h3 Rab8 22. Qf2 Ba8 23. Rfe1 Bb7 24. Nfe2 Ba6 25. Nd4 Rf8 26. Nf3 Nf7 27. Qd4 Rfe8 28. Qf2 Rf8 29. Ne2 b4 30. axb4 axb4 31. c3 bxc3 32. bxc3 Bb5 33. Nf4 Ba4 34. Rd2 Ne5 35. Qe3 Bh6 36. g4 Bxf4 37. Qxf4 Nd3 38. Qe3 Nxe1 39. Qxe1 Rfe8 40. e5 Rbd8 41. Re2 Qe6 0-1


[Site "https://www.chess.com"]

[Event "Titled Tuesday Blitz June 8 2021"]
[White "Enchev, Ivajlo"]
[Black "Stelmaszyk, Nico"]
[WhiteFideId "2907712"]
[BlackFideId "16200462"]
[WhiteElo "2452"]
[BlackElo "2119"]
[Result "0-1"]
[Round "07"]
[TimeControl "180+1"]
[Date "2021.06.08"]
[WhiteClock "0:01:56"]
[BlackClock "0:02:07"]

1. e4 e5 2. Nf3 Nf6 3. Nxe5 Nxe4 4. Qe2 Qe7 5. Qxe4 d6 6. d4 dxe5 7. dxe5 Nc6 8. Bf4 g5 9. Bg3 f5 10. Qa4 f4 11. Bb5 Qxe5+ 12. Kf1 Bd7 13. Nc3 O-O-O 14. Bxc6 Bxc6 15. Qxa7 b6 16. a4 Bb4 17. a5 Bxa5 18. Qa6+ Bb7 0-1


[Site "https://www.chess.com"]

[Event "Titled Tuesday Blitz June 8 2021"]
[White "Esipenko, Andrey"]
[Black "Tabatabaei, M. Amin"]
[WhiteFideId "24175439"]
[BlackFideId "12521213"]
[WhiteElo "2595"]
[BlackElo "2555"]
[Result "0-1"]
[Round "07"]
[TimeControl "180+1"]
[Date "2021.06.08"]
[WhiteClock "0:00:01"]
[BlackClock "0:00:24"]

1. e4 c5 2. Nf3 e6 3. d4 cxd4 4. Nxd4 Nc6 5. Nc3 Qc7 6. Be3 a6 7. Qf3 Nf6 8. O-O-O Ne5 9. Qg3 b5 10. f4 Neg4 11. Bd2 b4 12. Na4 h5 13. Bd3 Bb7 14. h3 h4 15. Qe1 Nh6 16. Rf1 d5 17. e5 Ne4 18. Bxb4 Be7 19. Ba5 Qb8 20. Nb6 Ra7 21. Bb4 Qd8 22. Bxe4 dxe4 23. Nxe6 Qxb6 24. Nxg7+ Kf8 25. Bxe7+ Kxg7 26. Bf6+ Kh7 27. Bxh8 Nf5 28. Bf6 e3 29. Rd8 Ra8 30. Qd1 e2 31. Qxe2 Rxd8 32. Qh5+ Nh6 33. Bxd8 Qxd8 34. Rd1 Qa5 35. a3 Qb6 36. Kb1 Be4 37. Rd6 Qg1+ 38. Ka2 Bg6 39. Qxh4 Qxg2 40. Rxg6 Qxg6 41. Qf2 Nf5 42. b3 Qc6 43. Kb2 Qe4 44. Qg1 Ne3 45. Qf2 Qd4+ 0-1


[Site "https://www.chess.com"]

[Event "Titled Tuesday Blitz June 8 2021"]
[White "Fus, Jakub"]
[Black "Nagy, Gabor"]
[WhiteFideId "1193023"]
[BlackFideId "737119"]
[WhiteElo "2633"]
[BlackElo "2804"]
[Result "1-0"]
[Round "07"]
[TimeControl "180+1"]
[Date "2021.06.08"]
[WhiteClock "0:01:15"]
[BlackClock "0:01:51"]

1. d4 Nf6 2. c4 c5 3. d5 e6 4. Nc3 exd5 5. cxd5 d6 6. Nf3 g6 7. Nd2 Bg7 8. e4 O-O 9. Be2 a6 10. a4 Nbd7 11. O-O Re8 12. Ra3 Rb8 13. Re1 h6 14. Qc2 g5 15. Nf1 Ne5 16. a5 Bd7 17. Ng3 Ng6 18. Nd1 Bb5 19. Ne3 Nf4 20. Bf1 Bxf1 21. Kxf1 Nd7 22. Ngf5 Ne5 23. Nxg7 Kxg7 24. Nf5+ Kh7 25. Bxf4 gxf4 26. Rh3 Qg5 27. Nxh6 Kg7 28. Nf5+ Kg8 29. Nxd6 Red8 30. Nf5 Ng6 31. Qe2 b6 32. Rh5 Qf6 33. Qg4 bxa5 34. e5 Qb6 35. e6 Rxd5 36. Ne7+ Kf8 37. Nxd5 Qb5+ 38. Kg1 Qe2 39. Qxe2 fxe6 40. Qxe6 Rxb2 41. Qf6+ Kg8 42. Re8+ Nf8 43. Rxf8# 1-0


[Site "https://www.chess.com"]

[Event "Titled Tuesday Blitz June 8 2021"]
[White "Gahan, M G"]
[Black "Yilmaz, Mustafa"]
[WhiteFideId "5027373"]
[BlackFideId "6302718"]
[WhiteElo "2264"]
[BlackElo "2518"]
[Result "1/2-1/2"]
[Round "07"]
[TimeControl "180+1"]
[Date "2021.06.08"]
[WhiteClock "0:00:16"]
[BlackClock "0:00:09"]

1. e4 c5 2. c3 Nf6 3. e5 Nd5 4. d4 cxd4 5. cxd4 d6 6. Nf3 Nc6 7. Bc4 Nb6 8. Bb5 dxe5 9. Nxe5 Bd7 10. Nxd7 Qxd7 11. Nc3 e6 12. O-O Rd8 13. Be3 Be7 14. Qg4 O-O 15. Rfd1 f5 16. Qg3 Nd5 17. Nxd5 Qxd5 18. Bxc6 Qxc6 19. Rac1 Qd5 20. Rc7 Rf7 21. Bf4 Bf6 22. Rxf7 Kxf7 23. Be3 e5 24. Qh3 exd4 25. Qxh7 Qxa2 26. Qh5+ Kg8 27. Bg5 Bxg5 28. Qxg5 Qd5 29. h4 d3 30. h5 Rd6 31. Qe3 a5 32. h6 gxh6 33. Qe8+ Kg7 34. Qe7+ Kg6 35. Qe8+ Qf7 36. Qe5 Qd5 37. Qe8+ Qf7 38. Qe5 Qd7 39. Qxa5 d2 40. Qc3 Rd3 41. Qh8 Qe6 42. Kh2 Qd6+ 43. g3 Qe6 44. Qb8 Rd7 45. Qc8 h5 46. Rxd2 Re7 47. Qxe6+ Rxe6 48. Rd4 Rb6 49. b4 Rc6 50. Kh3 Rc2 51. Kg2 Rb2 52. Rd6+ Kg5 53. Rb6 h4 54. gxh4+ Kxh4 55. Rxb7 Kg4 56. b5 Kf4 57. b6 Rb3 58. Rb8 Rb2 59. Rb7 Rb1 60. Rb8 Rb2 61. Rb7 1/2-1/2


[Site "https://www.chess.com"]

[Event "Titled Tuesday Blitz June 8 2021"]
[White "Gavrilescu, David"]
[Black "Bologan, Victor"]
[WhiteFideId "1227190"]
[BlackFideId "13900048"]
[WhiteElo "2370"]
[BlackElo "2511"]
[Result "1-0"]
[Round "07"]
[TimeControl "180+1"]
[Date "2021.06.08"]
[WhiteClock "0:00:57"]
[BlackClock "0:00:08"]

1. e4 g6 2. d4 Bg7 3. Nf3 d6 4. h3 Nf6 5. Bd3 O-O 6. O-O Nc6 7. c3 e5 8. Re1 h6 9. Na3 Nh5 10. Nc2 Qf6 11. a4 Nf4 12. dxe5 Nxe5 13. Nxe5 dxe5 14. Bxf4 Qxf4 15. Bc4 Qg5 16. Qf3 a5 17. Rad1 c6 18. Kh2 h5 19. Rd6 Bh6 20. Red1 Qf4+ 21. Qxf4 Bxf4+ 22. g3 Bh6 23. Rxg6+ Kh7 24. Rgd6 Bg5 25. Ne3 Be7 26. R6d2 Rb8 27. f4 h4 28. fxe5 Bg5 29. Re2 b5 30. axb5 cxb5 31. Bd5 b4 32. c4 a4 33. Ra1 Bd7 34. Nf5 hxg3+ 35. Kxg3 Rfe8 36. h4 Bd8 37. Kf4 Bc7 38. Nd6 Re7 39. c5 Rg8 40. c6 Rg4+ 41. Kf3 Rxh4 42. cxd7 1-0


[Site "https://www.chess.com"]

[Event "Titled Tuesday Blitz June 8 2021"]
[White "Gelman, Alexander"]
[Black "Pap, Gyula"]
[WhiteFideId "4118316"]
[BlackFideId "725323"]
[WhiteElo "2615"]
[BlackElo "2768"]
[Result "0-1"]
[Round "07"]
[TimeControl "180+1"]
[Date "2021.06.08"]
[WhiteClock "0:00:04"]
[BlackClock "0:00:53"]

1. d4 e6 2. Nc3 d5 3. Bf4 Nf6 4. Nb5 Na6 5. e3 c6 6. Nc3 Bd6 7. Nf3 Bxf4 8. exf4 O-O 9. Bxa6 bxa6 10. Na4 Ne4 11. O-O Qa5 12. c3 c5 13. Nxc5 Nxc5 14. b4 Qa3 15. bxc5 Qxc3 16. Rb1 Bd7 17. Re1 Bb5 18. Ne5 Qa5 19. Qh5 f6 20. Nf3 Rae8 21. f5 Bd3 22. Rb7 Bxf5 23. h3 Be4 24. Qg4 Rf7 25. Rxf7 Kxf7 26. Re2 Qc7 27. Rb2 Bf5 28. Qh5+ Bg6 29. Qg4 e5 30. dxe5 fxe5 31. Qb4 Kg8 32. Re2 d4 0-1


[Site "https://www.chess.com"]

[Event "Titled Tuesday Blitz June 8 2021"]
[White "Goltsev, Dmitry"]
[Black "Cruz, Jonathan"]
[WhiteFideId "24176710"]
[BlackFideId "3802124"]
[WhiteElo "2877"]
[BlackElo "2641"]
[Result "1-0"]
[Round "07"]
[TimeControl "180+1"]
[Date "2021.06.08"]
[WhiteClock "0:01:07"]
[BlackClock "0:00:04"]

1. e4 c6 2. d4 d5 3. f3 e5 4. dxe5 Bc5 5. exd5 cxd5 6. Nc3 Ne7 7. Bb5+ Nbc6 8. Bg5 a6 9. Ba4 b5 10. Bb3 Be6 11. Nge2 Qb6 12. Qd2 O-O 13. O-O-O h6 14. Bf4 g5 15. Bxg5 hxg5 16. Qxg5+ Ng6 17. Kb1 Qd8 18. Qh6 Qh4 19. Qxh4 Nxh4 20. Nxd5 Rad8 21. f4 Kg7 22. g3 Nf5 23. g4 Nfd4 24. Nxd4 Nxd4 25. Nf6 Nxb3 26. axb3 Be7 27. Ne4 Bd5 28. Rde1 Bxe4 29. Rxe4 Rh8 30. f5 Bg5 31. e6 Rde8 32. c4 Re7 33. c5 Kf6 34. Rhe1 1-0


[Site "https://www.chess.com"]

[Event "Titled Tuesday Blitz June 8 2021"]
[White "Gumularz, Szymon"]
[Black "Vetokhin, Savva"]
[WhiteFideId "1188062"]
[BlackFideId "44144474"]
[WhiteElo "2384"]
[BlackElo "2185"]
[Result "0-1"]
[Round "07"]
[TimeControl "180+1"]
[Date "2021.06.08"]
[WhiteClock "0:02:03"]
[BlackClock "0:01:51"]

1. d4 Nf6 2. c4 e6 3. Nf3 d5 4. g3 dxc4 5. Bg2 Nc6 6. O-O Rb8 7. e3 b5 8. Qe2 Be7 9. Rd1 O-O 10. e4 Ba6 11. a3 Na5 12. Bf4 Nb3 13. Ra2 Bb7 14. Nc3 a6 15. h4 Re8 16. Ne5 Nxd4 17. Qf1 c5 18. a4 Qb6 19. g4 Rbd8 20. g5 Nh5 21. Be3 f6 22. gxf6 Bxf6 23. Ng4 Bxh4 24. axb5 axb5 0-1


[Site "https://www.chess.com"]

[Event "Titled Tuesday Blitz June 8 2021"]
[White "Gurevich, Dmitry"]
[Black "Shkapenko, Pavel"]
[WhiteFideId "2000407"]
[BlackFideId "4151933"]
[WhiteElo "2506"]
[BlackElo "2386"]
[Result "0-1"]
[Round "07"]
[TimeControl "180+1"]
[Date "2021.06.08"]
[WhiteClock "0:01:33"]
[BlackClock "0:02:19"]

1. d4 Nf6 2. c4 e6 3. Nc3 Bb4 4. e3 c5 5. Bd3 O-O 6. Ne2 cxd4 7. exd4 d5 8. cxd5 Nxd5 9. O-O Nc6 10. Bc2 Re8 11. Qd3 g6 12. Rd1 Bf8 13. a3 b6 14. Ne4 h6 15. Nf4 Bg7 16. Nxd5 exd5 17. Ng3 Nxd4 18. Ba4 b5 19. Bxh6 Bxh6 0-1


[Site "https://www.chess.com"]

[Event "Titled Tuesday Blitz June 8 2021"]
[White "Gusarov, Grigory"]
[Black "Terletsky, Oleg"]
[WhiteFideId "24102172"]
[BlackFideId "14116774"]
[WhiteElo "2241"]
[BlackElo "2094"]
[Result "1-0"]
[Round "07"]
[TimeControl "180+1"]
[Date "2021.06.08"]
[WhiteClock "0:01:05"]
[BlackClock "0:00:06"]

1. d4 Nf6 2. Nf3 g6 3. c3 Bg7 4. Bg5 O-O 5. Nbd2 d5 6. e3 c5 7. dxc5 Nbd7 8. Bxf6 Bxf6 9. Nb3 a5 10. Qxd5 a4 11. Nbd4 e6 12. Qc4 Qc7 13. c6 bxc6 14. Qxc6 Qxc6 15. Nxc6 a3 16. O-O-O axb2+ 17. Kxb2 Nc5 18. Nfd4 Bd7 19. Bb5 Rfc8 20. f4 Bxc6 21. Nxc6 Na4+ 22. Bxa4 Rxa4 23. Nd4 Rb8+ 24. Nb3 Rc8 25. Rd3 Rca8 26. Ra1 h5 27. g3 Kg7 28. Nd4 Rb8+ 29. Kc2 Ra3 30. e4 Be7 31. Nc6 Rb7 32. Nxe7 Rxe7 33. Kb2 Ra4 34. Rd4 Rb7+ 35. Kc2 Ra3 36. Rb4 Rc7 37. Rb3 Ra4 38. e5 Re4 39. Rd1 Ra7 40. a3 h4 41. Rd2 hxg3 42. hxg3 Rc7 43. Rb4 Re3 44. Rd3 Re2+ 45. Kb3 Re1 46. a4 Rb1+ 47. Ka2 Rxc3 48. Rxc3 Rxb4 49. Ra3 Rb6 50. a5 Ra6 51. Kb3 g5 52. Kb4 gxf4 53. gxf4 Kg6 54. Kb5 Ra8 55. Kb6 Kf5 56. Ra4 Rb8+ 57. Kc7 Ra8 58. a6 1-0


[Site "https://www.chess.com"]

[Event "Titled Tuesday Blitz June 8 2021"]
[White "Henderson de La Fuente, Lance"]
[Black "Saravana, Krishnan P."]
[WhiteFideId "32096585"]
[BlackFideId "5018382"]
[WhiteElo "2280"]
[BlackElo "2245"]
[Result "1-0"]
[Round "07"]
[TimeControl "180+1"]
[Date "2021.06.08"]
[WhiteClock "0:00:48"]
[BlackClock "0:00:24"]

1. e4 c6 2. Nc3 d5 3. Nf3 dxe4 4. Nxe4 Nf6 5. Bd3 Bg4 6. h3 Bxf3 7. Qxf3 Nbd7 8. Nxf6+ exf6 9. O-O Ne5 10. Qe2 Be7 11. Be4 O-O 12. c3 Re8 13. d4 Ng6 14. Qf3 Bd6 15. Bc2 Bc7 16. g3 Qd6 17. Qf5 a5 18. h4 a4 19. h5 Ra5 20. Qg4 Nf8 21. h6 g6 22. Bf4 Qd8 23. Rae1 Ne6 24. Bxc7 Qxc7 25. Re3 Rg5 26. Qf3 f5 27. Re5 a3 28. bxa3 Qd6 29. Rfe1 Rf8 30. Bb3 Nc7 31. Re7 Rh5 32. Qe3 Nd5 33. Qe5 Qxe7 34. Qg7# 1-0


[Site "https://www.chess.com"]

[Event "Titled Tuesday Blitz June 8 2021"]
[White "Hess, Robert"]
[Black "Nitish Belurkar"]
[WhiteFideId "2022036"]
[BlackFideId "5084768"]
[WhiteElo "2771"]
[BlackElo "2623"]
[Result "1-0"]
[Round "07"]
[TimeControl "180+1"]
[Date "2021.06.08"]
[WhiteClock "0:00:04"]
[BlackClock "0:00:01"]

1. b3 d6 2. Bb2 e6 3. Nf3 Nf6 4. c3 Be7 5. c4 O-O 6. g3 d5 7. Bg2 b6 8. cxd5 exd5 9. O-O Bb7 10. Nc3 d4 11. Nb5 c5 12. e3 a6 13. Na3 Nc6 14. Re1 Re8 15. exd4 Nxd4 16. Nxd4 Bxg2 17. Kxg2 cxd4 18. Nc4 b5 19. Ne5 Rc8 20. Qf3 Qb6 21. Rac1 Bb4 22. Rxc8 Rxc8 23. Rc1 Rxc1 24. Qa8+ Bf8 25. Bxc1 Qd6 26. Nf3 Qd5 27. Qxd5 Nxd5 28. a3 Bc5 29. Bb2 b4 30. a4 Nc3 31. dxc3 bxc3 32. Bxc3 dxc3 33. Ne1 Kf8 34. Kf3 Ke7 35. Ke2 Kd6 36. f3 Bg1 37. h3 Kc5 38. Nc2 f5 39. Kd3 Bh2 40. g4 fxg4 41. fxg4 Be5 42. b4+ Kd5 43. Ne3+ Ke6 44. Nd1 Bd6 45. Kxc3 Kd5 46. Ne3+ Ke4 47. Nf5 Bf8 48. Kc4 g6 49. Ng3+ Kf3 50. Nf1 Kg2 51. Ne3+ Kxh3 52. b5 axb5+ 53. axb5 Kg3 54. Kd5 Kf4 55. b6 Bg7 56. Nc4 Kxg4 57. b7 1-0


[Site "https://www.chess.com"]